 Dungeon Crawl Stone Soup version 0.29-a0-72-g1732ff48e7 (webtiles) character file.

Game seed: 1121263680942358795

80 IdlyInterested the Chopper (level 4, 0/33 HPs)
             Began as a Demonspawn Gladiator on Feb 4, 2022.
             Slain by Sigmund (12 damage)
             ... on level 2 of the Dungeon.
             The game lasted 00:03:42 (1638 turns).

IdlyInterested the Chopper (Demonspawn Gladiator)   Turns: 1638, Time: 00:03:43

Health: 0/33       AC:  7    Str: 15    XL:     4   Next: 18%
Magic:  4/4        EV: 11    Int: 11    God:
Gold:   53         SH:  0    Dex: 14    Spells: 3/3 levels left

rFire   . . .      SeeInvis .   a - +1 war axe
rCold   . . .      Faith    .   (no shield)
rNeg    . . .      Spirit   .   k - +0 ring mail
rPois   .          Reflect  .   c - +0 helmet
rElec   .          Harm     .   (no cloak)
rCorr   .          Rampage  .   (no gloves)
Will    .....                   (no boots)
Stlth   +.........              (no amulet)
HPRegen 0.11/turn               (no ring)
MPRegen 0.09/turn               (no ring)

@: no status effects
A: rugged brown scales 1
a: no special abilities


You were on level 2 of the Dungeon.
You visited 1 branch of the dungeon, and saw 2 of its levels.

You collected 53 gold pieces.

Inventory:

Hand Weapons
 a - a +1 war axe (weapon)
 g - a +0 spear
 i - a +2 whip of pain
Missiles
 d - 3 throwing nets
 e - 5 datura-tipped darts
 h - 6 poisoned darts (quivered)
Armour
 b - a +0 leather armour
 c - a +0 helmet (worn)
 k - a +0 ring mail (worn)


   Skills:
 - Level 2.0 Fighting
 * Level 4.2 Axes
 - Level 2.0 Throwing
 * Level 1.1 Armour
 - Level 2.6 Dodging


You had 3 spell levels left.
You didn't know any spells.
Your spell library contained the following spells:

 Spells                   Type           Power      Damage    Failure   Level
 Ensorcelled Hibernation  Hex/Ice        0%         N/A       71%         2
 Spider Form              Tmut/Pois      0%         N/A       91%         3
 Anguish                  Hex/Necr       0%         N/A       100%        4


Dungeon Overview and Level Annotations

Branches:
Dungeon (2/15)

Altars:

Annotations:
D:2 Sigmund


Innate Abilities, Weirdness & Mutations

You are partially covered in rugged brown scales. (AC +1, +3% HP)


Message History

The jackal barks!
You hear a shout!
Sigmund the Dreaded comes into view.
He is wielding a +1 scythe of flaming.
You hit the dart slug.
The dart slug is severely wounded.
You barely miss the jackal.
The jackal bites you but does no damage.
The jackal bites you. The dart slug closely misses you.
A jackal comes into view.
The jackal barks!
You slash the dart slug!
You kill the dart slug!
You hit the jackal.
You kill the jackal!
An endoplasm comes into view.
The endoplasm quivers.
The jackal completely misses you.
You see here a dart slug corpse.
You slash the jackal!
You kill the jackal!
Sigmund hits you from afar with a +1 scythe of flaming!
Sigmund burns you.
The jackal bites you but does no damage. x2
Sigmund barely misses you.
You closely miss Sigmund. You hit the jackal.
The jackal bites you but does no damage.
You closely miss Sigmund. You hit the jackal. You hit the endoplasm.
The jackal closely misses you. Sigmund barely misses you.
The jackal barely misses you. The endoplasm barely misses you.
You barely miss Sigmund. Your punch misses Sigmund. You hit the jackal.
You kill the jackal!
You slash the endoplasm!
You kill the endoplasm!
Sigmund hits you with a +1 scythe of flaming.
Sigmund burns you.
You closely miss Sigmund. Sigmund hits you but does no damage.
You closely miss Sigmund. Sigmund misses you.
You barely miss Sigmund. Sigmund barely misses you.
You closely miss Sigmund.
Sigmund hits you with a +1 scythe of flaming!
You die...

.# .. .. .. ..
..# ######.#.#
..# .........##.#
.........!..#
............#
........@....#
........@...#
..........††..#
..............#
.....#.....#.##
.....#..#..#.#
.........[...#
.............###
#.#.....)......#
#......<.....=...


You could see Sigmund.

Vanquished Creatures
  Jessica (D:2)
  A gnoll (D:1)
  A dart slug (D:2)
  5 ball pythons (D:1)
  2 endoplasms (D:2)
  2 giant cockroaches (D:1)
  4 goblins
  2 hobgoblins
  5 jackals
  3 kobolds (D:1)
  4 quokkas
  3 bats
  3 frilled lizards (D:1)
  4 rats (D:1)
40 creatures vanquished.

Notes
Turn   | Place    | Note
-------+----------+-------------------------------------------
     0 | D:1      | IdlyInterested the Demonspawn Gladiator began the quest for
                  | the Orb.
     0 | D:1      | Reached XP level 1. HP: 16/16 MP: 1/1
    52 | D:1      | Reached skill level 3 in Axes
   263 | D:1      | Gained mutation: You are partially covered in rugged brown
                  | scales. (AC +1, +3% HP) [demonic ancestry]
   263 | D:1      | Reached XP level 2. HP: 16/22 MP: 2/2
   684 | D:1      | Reached XP level 3. HP: 4/27 MP: 3/3
  1327 | D:2      | Noticed Jessica
  1332 | D:2      | Killed Jessica
  1333 | D:2      | Reached skill level 4 in Axes
  1333 | D:2      | Reached skill level 1 in Armour
  1335 | D:2      | HP: 1/27 [goblin (2)]
  1336 | D:2      | Reached XP level 4. HP: 1/33 MP: 4/4
  1626 | D:2      | Noticed Sigmund
  1638 | D:2      | Slain by Sigmund

Illustrated notes

Levels and vault maps discovered:
D:1:      minmay_arrival_diagonal_passages, layout_rooms, hex_tiny,
          columned_hall_lemuel, minmay_misc_feat_roman
D:2:      layout_rooms, serial_shops, nicolae_shop_waterfront,
          kennysheep_cluttered_room, uniq_jessica, uniq_sigmund

Skill      XL: |  1  2  3 |
---------------+----------+-----
Axes           | 3 4 |  4.2
Throwing       | 2 |  2.0
Armour         | 1 |  1.1
Fighting       | |  2.0
Dodging        | |  2.6

Action                   |  1- 3 |  4- 6 || total
-------------------------+-------+-------++-------
Melee: War axe           |    95 |    12 ||   107
       Punch             |     1 |       ||     1
  Use: Scroll            |     1 |       ||     1
       Potion            |     1 |       ||     1
 Stab: Sleeping          |     1 |       ||     1
Armor: Leather armour    |    47 |       ||    47
       Ring mail         |     4 |     6 ||    10
Dodge: Dodged            |    68 |    11 ||    79

Table legend: (Time is in decaauts)
 A = Elapsed time spent in this place.
 B = Non-inter-level travel time spent in this place.
 C = Inter-level travel time spent in this place.
 D = Time resting spent in this place.
 E = Time spent auto-exploring this place.
 F = Levels seen in this place.
 G = Mean time per level.
                   A        B        C        D        E       F      G
               +--------+--------+--------+--------+--------+-----+--------+
         Total |   1674 |   1660 |     14 |    902 |    450 |   2 |  837.0 |
       Dungeon |   1674 |   1660 |     14 |    902 |    450 |   2 |  837.0 |
               +--------+--------+--------+--------+--------+-----+--------+

Top non-repeatable levels by time:
     D:1: 1637 daAuts
     D:2: 37 daAuts
